PL
VANCOUVER GREY WOLVES @ NORTHERN VIRGINIA RETRIEVERS
07/31/2025
 
TOP OF THE 1ST
Vancouver Grey Wolves batting - Pitching for Northern Virginia Retrievers : RHP Logan Gregory
Pitching: RHP Logan Gregory
Batting: LHB David Hubbard 0-0: Ball
1-0: Called Strike
1-1: Ball
2-1: SINGLE (Groundball, 34D)
Batting: LHB José Alonso 0-0: Foul Ball, location: 2F
0-1: Ball
1-1: Ground out 4-3 (Groundball, 34)
David Hubbard to second
Batting: LHB Héctor Cortéz 0-0: Foul Ball, location: 2F
0-1: Ball
1-1: Called Strike
1-2: Strikes out swinging
Batting: RHB José Carlos Ramos 0-0: Fly out, F8 (Flyball, 8LM)
Top of the 1st over - 0 run(s), 1 hit(s), 0 error(s), 1 left on base; Vancouver 0 - Northern Virginia 0
BOTTOM OF THE 1ST
Northern Virginia Retrievers batting - Pitching for Vancouver Grey Wolves : RHP George Frazier
Pitching: RHP George Frazier
Batting: LHB Francisco Ornelas 0-0: Foul Ball, location: 2F
0-1: Ground out 4-3 (Groundball, 4)
Batting: RHB Brett Callison 0-0: Ball
1-0: Ball
2-0: Fly out, F2 (Popup, 25)
Batting: LHB Roberto Salazar 0-0: Called Strike
0-1: Fly out, F8 (Flyball, 8RM)
Bottom of the 1st over - 0 run(s), 0 hit(s), 0 error(s), 0 left on base; Vancouver 0 - Northern Virginia 0
TOP OF THE 2ND
Vancouver Grey Wolves batting - Pitching for Northern Virginia Retrievers : RHP Logan Gregory
Batting: LHB Timmy Appeldoorn 0-0: Called Strike
0-1: SINGLE (Line Drive, 89S)
Batting: SHB Gregg Wagner 0-0: Called Strike
0-1: Grounds into double play, 6-4-3 (Groundball, 6)
Batting: LHB Emílio Barbán 0-0: Called Strike
0-1: Ball
1-1: Ground out U3 (Groundball, 34)
Top of the 2nd over - 0 run(s), 1 hit(s), 0 error(s), 0 left on base; Vancouver 0 - Northern Virginia 0
BOTTOM OF THE 2ND
Northern Virginia Retrievers batting - Pitching for Vancouver Grey Wolves : RHP George Frazier
Batting: LHB Roberto Sánchez 0-0: Called Strike
0-1: Called Strike
0-2: Foul Ball, location: 2F
0-2: Ball
1-2: Ball
2-2: Ball
3-2: Foul Ball, location: 2F
3-2: SINGLE (Line Drive, 56D)
Batting: RHB Ju-chan Pak 0-0: Called Strike
0-1: Fly out, F4 (Popup, 34)
Batting: LHB Munemori Ohara 0-0: Ball
1-0: Ball
2-0: Foul Ball, location: 2F
2-1: DOUBLE (Line Drive, 78D)
Roberto Sánchez to third
Batting: LHB Marlon Randall 0-0: Fly out, F2 (Popup, 2L)
Batting: SHB Gustavo Fuentes 0-0: Called Strike
0-1: Called Strike
0-2: Ball
1-2: Strikes out swinging
Bottom of the 2nd over - 0 run(s), 2 hit(s), 0 error(s), 2 left on base; Vancouver 0 - Northern Virginia 0
TOP OF THE 3RD
Vancouver Grey Wolves batting - Pitching for Northern Virginia Retrievers : RHP Logan Gregory
Batting: RHB Danny Walsh 0-0: Ball
1-0: Foul Ball, location: 2F
1-1: Ground out 4-3 (Groundball, 4)
Batting: RHB Alfredo Méndez 0-0: Ball
1-0: Ball
2-0: Called Strike
2-1: Ground out 5-3 (Groundball, 5)
Batting: LHB David Hubbard 0-0: Called Strike
0-1: Ball
1-1: Foul Ball, location: 2F
1-2: Ball
2-2: SINGLE (Line Drive, 3D)
Batting: LHB José Alonso 0-0: Ball
1-0: Ball
2-0: Foul Ball, location: 2F
2-1: Ball
3-1: Foul Ball, location: 2F
3-2: Base on Balls
David Hubbard to second
Batting: LHB Héctor Cortéz 0-0: Ball
1-0: Swinging Strike
1-1: Swinging Strike
1-2: Foul Ball, location: 2F
1-2: Strikes out swinging
Top of the 3rd over - 0 run(s), 1 hit(s), 0 error(s), 2 left on base; Vancouver 0 - Northern Virginia 0
BOTTOM OF THE 3RD
Northern Virginia Retrievers batting - Pitching for Vancouver Grey Wolves : RHP George Frazier
Batting: LHB Wayne Akers 0-0: Ball
1-0: Ball
2-0: Ball
3-0: Base on Balls
Batting: LHB Francisco Ornelas 0-0: Ball
1-0: Ball
2-0: Called Strike
2-1: Foul Ball, location: 2F
2-2: Fly out, F8 (Flyball, 8RM)
Batting: RHB Brett Callison 0-0: Foul Ball, location: 2F
0-1: Ball
1-1: Ball
2-1: DOUBLE (Line Drive, 89D)
Wayne Akers to third
Batting: LHB Roberto Salazar 0-0: Ball
1-0: Foul Ball, location: 2F
1-1: Swinging Strike
1-2: Foul Ball, location: 2F
1-2: Foul Ball, location: 2F
1-2: Ball
2-2: Foul Ball, location: 2F
2-2: Foul Ball, location: 2F
2-2: SINGLE (Line Drive, 6MD)
Wayne Akers scores
Brett Callison to third
Runner from 3rd tries for Home, SAFE, no throw
Batting: LHB Roberto Sánchez 0-0: Called Strike
0-1: 2-RUN HOME RUN (Flyball, 9D), Distance : 368 ft
Batting: RHB Ju-chan Pak 0-0: TRIPLE (Flyball, 9D)
Batting: LHB Munemori Ohara 0-0: Swinging Strike
0-1: Called Strike
0-2: Ball
1-2: Foul Ball, location: 2F
1-2: Ball
2-2: Strikes out swinging
Batting: LHB Marlon Randall 0-0: Ball
1-0: Foul Ball, location: 2F
1-1: SINGLE (Line Drive, 8RS)
Ju-chan Pak scores
Batting: SHB Gustavo Fuentes 0-0: Ground out 5-3 (Groundball, 56)
Bottom of the 3rd over - 5 run(s), 5 hit(s), 0 error(s), 1 left on base; Vancouver 0 - Northern Virginia 5
TOP OF THE 4TH
Vancouver Grey Wolves batting - Pitching for Northern Virginia Retrievers : RHP Logan Gregory
Batting: RHB José Carlos Ramos 0-0: Ball
1-0: Swinging Strike
1-1: Ball
2-1: Ball
3-1: Fly out, F9 (Flyball, 9LS)
Batting: LHB Timmy Appeldoorn 0-0: Called Strike
0-1: Foul Ball, location: 2F
0-2: Foul Ball, location: 2F
0-2: Ball
1-2: Strikes out swinging
Batting: SHB Gregg Wagner 0-0: Called Strike
0-1: Ground out 4-3 (Groundball, 4)
Top of the 4th over - 0 run(s), 0 hit(s), 0 error(s), 0 left on base; Vancouver 0 - Northern Virginia 5
BOTTOM OF THE 4TH
Northern Virginia Retrievers batting - Pitching for Vancouver Grey Wolves : RHP George Frazier
Batting: LHB Wayne Akers 0-0: Ball
1-0: Called Strike
1-1: Ball
2-1: Called Strike
2-2: Strikes out swinging
Batting: LHB Francisco Ornelas 0-0: Ball
1-0: Swinging Strike
1-1: Called Strike
1-2: Ball
2-2: Ball
3-2: Foul Ball, location: 2F
3-2: Base on Balls
Batting: RHB Brett Callison 0-0: Called Strike
Francisco Ornelas is caught stealing 2nd base
0-1: Swinging Strike
0-2: Fly out, F9 (Flyball, 9)
Bottom of the 4th over - 0 run(s), 0 hit(s), 0 error(s), 0 left on base; Vancouver 0 - Northern Virginia 5
TOP OF THE 5TH
Vancouver Grey Wolves batting - Pitching for Northern Virginia Retrievers : RHP Logan Gregory
Batting: LHB Emílio Barbán 0-0: Foul Ball, location: 2F
0-1: SINGLE (Line Drive, 56D)
Batting: RHB Danny Walsh 0-0: Ball
1-0: Grounds into double play, 4-6-3 (Groundball, 34)
Batting: RHB Alfredo Méndez 0-0: Called Strike
0-1: Ball
1-1: Ball
2-1: Swinging Strike
2-2: Foul Ball, location: 2F
2-2: Ground out 6-3 (Groundball, 6)
Top of the 5th over - 0 run(s), 1 hit(s), 0 error(s), 0 left on base; Vancouver 0 - Northern Virginia 5
BOTTOM OF THE 5TH
Northern Virginia Retrievers batting - Pitching for Vancouver Grey Wolves : RHP George Frazier
Batting: LHB Roberto Salazar 0-0: Foul Ball, location: 2F
0-1: Foul Ball, location: 2F
0-2: Ball
1-2: Foul Ball, location: 2F
1-2: Foul Ball, location: 2F
1-2: Fly out, F8 (Line Drive, 78D)
Batting: LHB Roberto Sánchez 0-0: Swinging Strike
0-1: SINGLE (Groundball, 4MD)
Batting: RHB Ju-chan Pak 0-0: Grounds into double play, 6-4-3 (Groundball, 6)
Bottom of the 5th over - 0 run(s), 1 hit(s), 0 error(s), 0 left on base; Vancouver 0 - Northern Virginia 5
TOP OF THE 6TH
Vancouver Grey Wolves batting - Pitching for Northern Virginia Retrievers : RHP Logan Gregory
Batting: LHB David Hubbard 0-0: Ball
1-0: Foul Ball, location: 2F
1-1: Foul Ball, location: 2F
1-2: Ball
2-2: Foul Ball, location: 2F
2-2: Ball
3-2: Foul Ball, location: 2F
3-2: Fly out, F8 (Flyball, 89D)
Batting: LHB José Alonso 0-0: Ball
1-0: Ground out 4-3 (Groundball, 34)
Batting: LHB Héctor Cortéz 0-0: Fly out, F8 (Line Drive, 8LD)
Top of the 6th over - 0 run(s), 0 hit(s), 0 error(s), 0 left on base; Vancouver 0 - Northern Virginia 5
BOTTOM OF THE 6TH
Northern Virginia Retrievers batting - Pitching for Vancouver Grey Wolves : RHP George Frazier
Pitching: RHP Roderick Rhodes
Batting: LHB Munemori Ohara 0-0: Called Strike
0-1: Swinging Strike
0-2: Ball
1-2: Foul Ball, location: 2F
1-2: Foul Ball, location: 2F
1-2: Ball
2-2: Foul Ball, location: 2F
2-2: Foul Ball, location: 2F
2-2: Ball
3-2: Base on Balls
Batting: LHB Marlon Randall 0-0: Called Strike
0-1: Ground out 3-1 (Groundball, 3)
Munemori Ohara to second
Batting: SHB Gustavo Fuentes 0-0: Ball
1-0: Ground out 6-3 (Groundball, 6)
Batting: LHB Wayne Akers 0-0: Called Strike
0-1: Ball
1-1: Foul Ball, location: 2F
1-2: Fly out, F5 (Line Drive, 5)
Bottom of the 6th over - 0 run(s), 0 hit(s), 0 error(s), 1 left on base; Vancouver 0 - Northern Virginia 5
TOP OF THE 7TH
Vancouver Grey Wolves batting - Pitching for Northern Virginia Retrievers : RHP Logan Gregory
Batting: RHB José Carlos Ramos 0-0: Ball
1-0: Called Strike
1-1: Ball
2-1: Ball
3-1: Base on Balls
Pitching: RHP Ben Logan
Batting: LHB Timmy Appeldoorn 0-0: Called Strike
0-1: Grounds into double play, 4-6-3 (Groundball, 4)
Batting: SHB Gregg Wagner 0-0: Foul Ball, location: 2F
0-1: Foul Ball, location: 2F
0-2: Foul Ball, location: 2F
0-2: Ball
1-2: Foul Ball, location: 2F
1-2: Ball
2-2: Fly out, F7 (Flyball, 7)
Top of the 7th over - 0 run(s), 0 hit(s), 0 error(s), 0 left on base; Vancouver 0 - Northern Virginia 5
BOTTOM OF THE 7TH
Northern Virginia Retrievers batting - Pitching for Vancouver Grey Wolves : RHP Roderick Rhodes
Batting: LHB Francisco Ornelas 0-0: Ball
1-0: Swinging Strike
1-1: Swinging Strike
1-2: Strikes out swinging
Batting: RHB Brett Callison 0-0: Foul Ball, location: 2F
0-1: Ground out 3-1 (Groundball, 34S)
Batting: LHB Roberto Salazar 0-0: Ball
1-0: Called Strike
1-1: Ball
2-1: Ball
3-1: Base on Balls
Batting: LHB Roberto Sánchez 0-0: Called Strike
Roberto Salazar is caught stealing 2nd base
Bottom of the 7th over - 0 run(s), 0 hit(s), 0 error(s), 0 left on base; Vancouver 0 - Northern Virginia 5
TOP OF THE 8TH
Vancouver Grey Wolves batting - Pitching for Northern Virginia Retrievers : RHP Ben Logan
Now at 3B: Joaquín Parra
Batting: LHB Emílio Barbán 0-0: Fly out, F7 (Flyball, 7)
Batting: RHB Danny Walsh 0-0: Ground out 5-3 (Groundball, 56)
Batting: RHB Alfredo Méndez 0-0: SINGLE (Groundball, 56D)
Batting: LHB David Hubbard 0-0: Called Strike
0-1: Ground out 4-3 (Groundball, 4MD)
Top of the 8th over - 0 run(s), 1 hit(s), 0 error(s), 1 left on base; Vancouver 0 - Northern Virginia 5
BOTTOM OF THE 8TH
Northern Virginia Retrievers batting - Pitching for Vancouver Grey Wolves : RHP Roderick Rhodes
Batting: LHB Roberto Sánchez 0-0: Ball
1-0: Foul Ball, location: 2F
1-1: Swinging Strike
1-2: Strikes out looking
Batting: RHB Ju-chan Pak 0-0: Called Strike
0-1: Ball
1-1: Ball
2-1: Swinging Strike
2-2: Strikes out swinging
Batting: LHB Munemori Ohara 0-0: Ball
1-0: Fly out, F7 (Flyball, 7S)
Bottom of the 8th over - 0 run(s), 0 hit(s), 0 error(s), 0 left on base; Vancouver 0 - Northern Virginia 5
TOP OF THE 9TH
Vancouver Grey Wolves batting - Pitching for Northern Virginia Retrievers : RHP Ben Logan
Batting: LHB José Alonso 0-0: Ball
1-0: Foul Ball, location: 2F
1-1: SINGLE (Line Drive, 89S)
Batting: LHB Héctor Cortéz 0-0: Fly out, F8 (Flyball, 8RS)
Batting: RHB José Carlos Ramos 0-0: Swinging Strike
0-1: Ball
1-1: Ball
2-1: Ground out 5-3 (Groundball, 56S)
José Alonso to second
Batting: LHB Timmy Appeldoorn 0-0: Ball
1-0: Foul Ball, location: 2F
1-1: Called Strike
1-2: Fly out, F8 (Flyball, 78D)
Top of the 9th over - 0 run(s), 1 hit(s), 0 error(s), 1 left on base; Vancouver 0 - Northern Virginia 5
Friday, December 30th, 2016 - OOTP Baseball 17.12 Build 75